 Dungeon Crawl Stone Soup version 0.15.0-12-gccce430 (webtiles) character file.

56 Johnny the Ruinous (level 3, -2/26 HPs)
             Began as a Demigod Conjurer on Sept 1, 2014.
             Killed from afar by ciphuk's ghost (8 damage)
             ... with a puff of frost
             ... on Level 3 of the Dungeon.
             The game lasted 00:11:38 (2458 turns).

Johnny the Ruinous (Demigod Conjurer)               Turns: 2458, Time: 00:11:38

HP  -2/26        AC 12     Str 11      XL: 3   Next: 48%
MP   8/8         EV  7     Int 20      God:
Gold 163         SH  0     Dex 17      Spells:  2 memorised,  4 levels left

rFire  . . .     SeeInvis .     v - +1 dagger (venom)
rCold  . . .     Clarity  .     l - +1 pearl dragon armour
rNeg   + . .     rCorr    .     (no shield)
rPois  .         rRot     .     (no helmet)
rElec  .         Spirit   .     h - +0 cloak
SustAb .         Warding  .     (no gloves)
rMut   .         Stasis   .     (no boots)
Gourm  .                        (no amulet)
MR     .....                    (no ring)
                                (no ring)

@: not resistant to hostile enchantments, extremely unstealthy
A: no striking features
a: no special abilities


You were on level 3 of the Dungeon.
You were hungry.

You visited 1 branch of the dungeon, and saw 3 of its levels.

You collected 163 gold pieces.

Inventory:

Hand weapons
 v - a +1 dagger of venom (weapon)
Armour
 a - a +0 robe
 h - a +0 cloak (worn)
 l - a +1 pearl dragon armour (worn)
Comestibles
 b - 3 bread rations
 d - a meat ration
 g - a slice of pizza
 n - a royal jelly
 r - 4 fruits
 w - a rotting chunk of goblin flesh
Scrolls
 j - a scroll of recharging {unknown}
 s - a scroll of noise
 u - a scroll of blinking
Jewellery
 o - an uncursed ring of ice {unknown}
Potions
 m - a potion of invisibility {unknown}
Books
 c - a book of Conjurations

   Spells                             Type                      Level
   *Magic Dart                        Conjuration                  1
   Searing Ray                        Conjuration                  2
   Dazzling Spray                     Conjuration/Hexes            3
   Fulminant Prism                    Conjuration/Hexes            4
   Iskenderun's Mystic Blast          Conjuration                  4
   Iskenderun's Battlesphere          Conjuration/Charms           5
 e - a book of Battle

   Spells                             Type                      Level
   *Infusion                          Charms                       1
   Shroud of Golubria                 Charms/Translocation         2
   Song of Slaying                    Charms                       2
   Spectral Weapon                    Hexes/Charms                 3
   Regeneration                       Charms/Necromancy            3


   Skills:
 + Level 0.1 Fighting
 + Level 0.1 Short Blades
 + Level 0.3 Armour
 + Level 2.2 Dodging
 + Level 1.7 Stealth
 + Level 2.1 Spellcasting
 + Level 4.3 Conjurations


You had 4 spell levels left.
You knew the following spells:

 Your Spells              Type           Power        Failure   Level  Hunger
a - Magic Dart            Conj           ###.         28%         1    #......
b - Infusion              Chrm           #.....       97%         1    #......


Dungeon Overview and Level Annotations

Branches:
Dungeon (3/15)

Annotations:
D:3 ciphuk's ghost, average HuIE


Message History

Ciphuk's ghost is lightly damaged.
Ciphuk's ghost barely misses you.
Read which item? (? for menu, Esc to quit)
As you read the scroll of teleportation, it crumbles to dust.
You feel strangely unstable. Ciphuk's ghost casts a spell at you.
You are frozen.
Ouch! That really hurt!
* * * LOW HITPOINT WARNING * * *
Drink which item? (? for menu, Esc to quit)
You feel better. Ciphuk's ghost closely misses you.
Drink which item? (? for menu, Esc to quit)
You feel strangely stable.
You feel magically purged.
It was a potion of cancellation.
Ciphuk's ghost hits you but does no damage.
Ciphuk's ghost hits you but does no damage.
Ciphuk's ghost hits you but does no damage.
Ciphuk's ghost points at you and mumbles some strange words.
The puff of frost hits you!
You die...

.... ###... ..... .
#... ...
.##.#...#######..#
.................##
.###..##W.........#
# #.######?..# #@#
#...# #.# #...#
#.######...######
#.#.............#
#..).............
###..((((.......#
######...######
#..(# #...#


You could see ciphuk's ghost.

Vanquished Creatures
  A gnoll (D:1)
  A worm (D:3)
  A giant gecko (D:1)
  2 oozes
  5 bats
  A giant cockroach (D:2)
  4 goblins
  4 hobgoblins
  3 jackals (D:1)
  A quokka (D:2)
  A ball python (D:2)
  2 giant newts (D:1)
  6 kobolds
  6 rats
38 creatures vanquished.

Notes
Turn   | Place    | Note
--------------------------------------------------------------
     0 | D:1      | Johnny, the Demigod Conjurer, began the quest for the Orb.
     0 | D:1      | Reached XP level 1. HP: 14/14 MP: 3/3
   609 | D:1      | Reached skill level 4 in Conjurations
   609 | D:1      | Reached XP level 2. HP: 20/20 MP: 1/4
  1283 | D:2      | Reached XP level 3. HP: 26/26 MP: 1/8
  1464 | D:2      | Found a stormy altar of Qazlal.
  1860 | D:2      | Found a glowing golden altar of the Shining One.
  2347 | D:3      | Learned a level 1 spell: Infusion
  2441 | D:3      | Noticed ciphuk's ghost (average HuIE)
  2452 | D:3      | HP: 1/26 [ciphuk's ghost (13)]
  2458 | D:3      | Killed from afar by ciphuk's ghost

Action                   || total
-------------------------++-------
Melee: Unarmed           ||    10
       Whip              ||    19
       Hand axe          ||    35
       Short sword       ||    86
       Dagger            ||    18
 Cast: Magic Dart        ||    42
  Use: Scroll            ||     8
       Potion            ||     3
  Eat: Chunk             ||     5
